 Dungeon Sprint DCSS version 0.23-a0-335-gba3dfdf (webtiles) character file.

5232 Fang the Severer (level 10, 0/73 HPs)
             Began as a Gargoyle Berserker on Oct 17, 2018.
             Was the Champion of Trog.
             Slain by Grum
             ... wielding a +1 spear
              (5 damage)
             ... in the Dungeon (Sprint VII: "The Pits").
             The game lasted 00:04:43 (1378 turns).

Fang the Severer (Gargoyle Berserker)               Turns: 1378, Time: 00:04:43

Health: 0/73       AC: 14    Str: 24    XL:     10   Next: 61%
Magic:  10/10      EV:  9    Int: 11    God:    Trog [******]
Gold:   0          SH:  0    Dex:  9    Spells: 9/9 levels left

rFire    . . .     SeeInvis .   j - +3 battleaxe "Nocuobri" {chop, +Fly rN+}
rCold    . . .     Gourm    .   (shield currently unavailable)
rNeg     + + .     Faith    .   o - +2 plate armour
rPois    ∞         Spirit   .   (no helmet)
rElec    +         Reflect  .   (no cloak)
rCorr    .         Harm     .   (no gloves)
MR       .....     NoTele   +   (no boots)
Stlth    ..........             (no amulet)
HPRegen  0.22/turn              p - +3 ring of protection
MPRegen  0.12/turn              s - +3 ring of intelligence

@: corroded, berserk cooldown, slowed, very slow
A: negative energy resistance 1, electricity resistance, unbreathing,
petrification resistance, rot immunity, AC +7
a: Berserk, Trog's Hand, Brothers in Arms, Renounce Religion, Evoke Flight


You were in the Dungeon.
You worshipped Trog.
Trog was exalted by your worship.
You were very hungry.

You visited 1 branch

Inventory:

Hand Weapons
 j - the +3 battleaxe "Nocuobri" (weapon) {chop, +Fly rN+}
   (Trog gifted it to you in the Dungeon)

   It inflicts extra damage upon your enemies.
   It protects you from negative energy.
   It lets you fly.
 m - a +1 antimagic war axe
 n - a +0 hand axe of freezing
 t - a +1 broad axe of freezing
 u - the +9 broad axe of Internal Strife {chop, rC++}
   (Trog gifted it to you in the Dungeon)

   It inflicts extra damage upon your enemies.
   It greatly protects you from cold.
 v - a +0 war axe of venom
Armour
 o - a +2 plate armour (worn)
Jewellery
 p - a +3 ring of protection (left hand)
 s - a +3 ring of intelligence (right hand)
Scrolls
 i - a scroll of blinking
 k - 3 scrolls of remove curse
 l - a scroll of summoning
Potions
 a - 2 potions of invisibility
 d - 8 potions of curing
 e - 12 potions of heal wounds
 f - a potion of haste
 g - 4 potions of magic
 h - 3 potions of berserk rage
 q - a potion of brilliance
 r - a potion of resistance
Comestibles
 b - 6 chunks of flesh
 c - 9 rations


   Skills:
 + Level 13.6 Fighting
 + Level 16.2 Axes
 + Level 10.0 Armour
 + Level 5.8 Dodging
 + Level 0.7 Stealth


You had 9 spell levels left.
You didn't know any spells.
Your spell library was empty.

Dungeon Overview and Level Annotations

Branches:
Dungeon (1/1)

Altars:
Ashenzari
Cheibriados
Dithmenos
Elyvilon
Fedhas
Gozag
Hepliaklqana
Kikubaaqudgha
Makhleb
Nemelex Xobeh
Okawaru
Qazlal
Ru
Sif Muna
Trog
Uskayaw
Vehumet
Wu Jian
Xom
Yredelemnul
Zin
The Shining One
Beogh
Jiyva
Lugonu

Annotations:
D Grum


Innate Abilities, Weirdness & Mutations

You are resistant to torment.
Your stone body is resilient. (AC +7)
You are immune to poison.
You resist negative energy. (rN+)
You are resistant to electric shocks. (rElec)
You can survive without breathing.
You are immune to petrification.
You are immune to rotting.


Message History

* * * LOW HITPOINT WARNING * * *
You hit Grum but do no damage.
Grum is almost dead.
Grum hits you with a +1 spear!
* * * LOW HITPOINT WARNING * * *
You hit Grum but do no damage.
Grum is almost dead.
Grum hits you but does no damage. x2
You hit Grum but do no damage.
Grum is almost dead.
Grum hits you but does no damage.
You closely miss Grum.
Grum is almost dead.
Grum hits you with a +1 spear.
* * * LOW HITPOINT WARNING * * *
You completely miss Grum.
Grum is almost dead.
Grum points his finger and growls, "Attack!"
Grum hits you with a +1 spear.
You die...

.........# ##''######
##''################
##..#..............##
##..##.....().......#
##..####...#)######..
##..#..#####.##...#
##..#....##...#.g.#
##..'))...#...#†@.#
##..'.)..('...'†).+
##..')....#...#...#
##..#....##...#...#
##..#..#####†##...#
##..####..§#)######.
##..##..............
##..#..............#
####################


You could see Grum.

Vanquished Creatures
  A shadow wraith (D)
  An orc knight (D)
  A rust devil (D)
  Joseph (D)
  A troll (D)
  A wind drake (D)
  A redback (D)
  A swamp drake (D)
  A floating eye (D)
  2 orc warriors (D)
  A sky beast (D)
  8 wolves (D)
  A centaur (D)
  A big kobold (D)
  2 crocodiles (D)
  2 hounds (D)
  2 orc priests (D)
  3 orc wizards (D)
  2 ufetubi (D)
  An ooze (D)
  A worm (D)
  6 orcs (D)
  A bat zombie (D)
  A hobgoblin (D)
  A kobold (D)
  A quokka (D)
  2 ball pythons (D)
  A bat (D)
  A frilled lizard (D)
  A rat (D)
50 creatures vanquished.

Vanquished Creatures (collateral kills)
  A hydra (D)
  A sea snake (D)
  A rime drake (D)
  An efreet (D)
  A dream sheep (D)
  A snapping turtle (D)
  A hippogriff (D)
  A ynoxinul (D)
  A water moccasin (D)
  An eye of draining (D)
10 creatures vanquished.

Grand Total: 60 creatures vanquished

Notes
Turn   | Place    | Note
-------+----------+-------------------------------------------
     0 | D        | Fang the Gargoyle Berserker began the quest for the Orb.
     0 | D        | Reached XP level 1. HP: 14/14 MP: 1/1
    13 | D        | Noticed a floating eye
    15 | D        | Paralysed by a floating eye for 2 turns
    20 | D        | Paralysed by a floating eye for 3 turns
    24 | D        | Killed a floating eye
    24 | D        | Reached skill level 6 in Axes
    24 | D        | Reached XP level 2. HP: 23/23 MP: 2/2
    24 | D        | Reached XP level 3. HP: 28/28 MP: 3/3
    24 | D        | Reached XP level 4. HP: 32/32 MP: 4/4
    29 | D        | Found a bloodstained altar of Trog.
    29 | D        | Found a deep blue altar of Sif Muna.
    29 | D        | Found a viscous altar of Jiyva.
    29 | D        | Found a hazy altar of Hepliaklqana.
    29 | D        | Found an opulent altar of Gozag.
    30 | D        | Found a glowing golden altar of the Shining One.
    30 | D        | Found a glowing silver altar of Zin.
    30 | D        | Found a basalt altar of Yredelemnul.
    30 | D        | Found a shimmering altar of Xom.
    30 | D        | Found an ornate altar of the Wu Jian Council.
    30 | D        | Found a sacrificial altar of Ru.
    30 | D        | Found a stormy altar of Qazlal.
    30 | D        | Found an iron altar of Okawaru.
    30 | D        | Found a sparkling altar of Nemelex Xobeh.
    30 | D        | Found a burning altar of Makhleb.
    30 | D        | Found a blossoming altar of Fedhas.
    30 | D        | Found a white marble altar of Elyvilon.
    30 | D        | Found a shadowy altar of Dithmenos.
    30 | D        | Found a snail-covered altar of Cheibriados.
    32 | D        | Found a radiant altar of Vehumet.
    32 | D        | Found a corrupted altar of Lugonu.
    32 | D        | Found a roughly hewn altar of Beogh.
    75 | D        | Reached ** piety under Trog
   105 | D        | Noticed a sky beast
   114 | D        | Reached *** piety under Trog
   114 | D        | Reached XP level 5. HP: 25/38 MP: 5/5
   120 | D        | Killed a sky beast
   120 | D        | Reached skill level 7 in Axes
   334 | D        | Reached **** piety under Trog
   337 | D        | Noticed a centaur
   337 | D        | Noticed a wolf
   344 | D        | Killed a wolf
   344 | D        | Reached skill level 8 in Axes
   344 | D        | Reached XP level 6. HP: 45/45 MP: 6/6
   347 | D        | Reached skill level 9 in Axes
   347 | D        | Reached skill level 5 in Armour
   399 | D        | Reached ***** piety under Trog
   399 | D        | Received a gift from Trog
   407 | D        | Noticed a troll
   414 | D        | Killed a troll
   414 | D        | Reached skill level 10 in Fighting
   414 | D        | Reached skill level 10 in Axes
   414 | D        | Reached XP level 7. HP: 53/53 MP: 7/7
   506 | D        | Received a gift from Trog
   601 | D        | Noticed a redback
   607 | D        | Killed a redback
   607 | D        | Reached skill level 11 in Axes
   610 | D        | Killed a shadow wraith
   610 | D        | Reached skill level 12 in Axes
   610 | D        | Reached skill level 5 in Dodging
   610 | D        | Reached XP level 8. HP: 53/60 MP: 8/8
   821 | D        | Found a hide-covered altar of Uskayaw.
   821 | D        | Found an ancient bone altar of Kikubaaqudgha.
   821 | D        | Found a shattered altar of Ashenzari.
   861 | D        | Received a gift from Trog
   907 | D        | Got a crude battleaxe {god gift}
   908 | D        | Identified the +3 battleaxe "Nocuobri" {chop, +Fly rN+}
                  | (Trog gifted it to you in the Dungeon)
   920 | D        | Noticed an orc knight
   930 | D        | Killed an orc knight
   930 | D        | Reached skill level 13 in Axes
   930 | D        | Reached XP level 9. HP: 65/65 MP: 9/9
   933 | D        | Received a gift from Trog
   935 | D        | Noticed a wind drake
   938 | D        | Noticed a sea snake
   941 | D        | Reached skill level 14 in Axes
   942 | D        | Reached ****** piety under Trog
   944 | D        | Killed a wind drake
   948 | D        | Received a gift from Trog
   956 | D        | Killed a sea snake
   956 | D        | Reached XP level 10. HP: 16/72 MP: 10/10
   956 | D        | Reached skill level 15 in Axes
   965 | D        | Got a warped broad axe {god gift}
  1203 | D        | Identified the +9 broad axe of Internal Strife {chop, rC++}
                  | (Trog gifted it to you in the Dungeon)
  1220 | D        | Noticed a seven-headed hydra
  1232 | D        | Killed a seven-headed hydra
  1235 | D        | Received a gift from Trog
  1346 | D        | Noticed a rust devil
  1347 | D        | Noticed Grum
  1347 | D        | Noticed Joseph
  1353 | D        | Killed a rust devil
  1353 | D        | Reached skill level 16 in Axes
  1362 | D        | Killed Joseph
  1362 | D        | Reached skill level 10 in Armour
  1378 | D        | Slain by Grum

Vault maps used:
D:        pitsprint

Skill      XL: |  1  2  3  4  5  6  7  8  9 10 |
---------------+-------------------------------+-----
Fighting       | 6 7 8 10 11 12 13 | 13.6
Axes           | 6 8 10 12 13 14 16 | 16.2
Armour         | 3 4 5 6 7 8 10 | 10.0
Dodging        | 2 3 4 5 |  5.8
Stealth        | |  0.7

Action                   |  1- 3 |  4- 6 |  7- 9 | 10-12 || total
-------------------------+-------+-------+-------+-------++-------
Melee: Hand axe          |     7 |    43 |    34 |       ||    84
       Battleaxe         |       |       |    30 |    27 ||    57
       Broad axe         |       |       |     7 |       ||     7
Invok: Berserk           |       |     3 |     3 |     1 ||     7
       Brothers in Arms  |       |       |     1 |     2 ||     3
  Eat: Chunk             |       |       |     5 |     3 ||     8
Armor: Animal skin       |       |    14 |       |       ||    14
       Plate armour      |       |    16 |    48 |    22 ||    86
Dodge: Dodged            |       |    35 |    27 |    15 ||    77

Table legend:
 A = Non-vault XP
 B = Vault XP
 C = Vault XP percentage of total XP
 D = Non-vault monster count
 E = Vault monster count
 F = Vault count percentage of total count
                 A         B        C        D         E       F
            +---------+---------+-------+---------+---------+-------
      Total |       0 |    7475 | 100.0 |       0 |      60 | 100.0
            +---------+---------+-------+---------+---------+-------
          D |       0 |    7475 | 100.0 |       0 |      60 | 100.0
            +---------+---------+-------+---------+---------+-------
